 Dungeon Crawl Stone Soup version 0.29-a0-643-ga013cefcf8 (webtiles) character file.

Game seed: 4333274440102205146

53 ptdevnull the Chopper (level 3, 0/31 HPs)
             Began as a Hill Orc Fighter on June 20, 2022.
             Was an Initiate of Yredelemnul.
             Slain by a gnoll
             ... wielding a +0 spear
              (3 damage)
             ... on level 2 of the Dungeon.
             The game lasted 00:01:59 (1077 turns).

ptdevnull the Chopper (Hill Orc Fighter)            Turns: 1077, Time: 00:02:00

Health: 0/31       AC:  8    Str: 20    XL:     3   Next: 87%
Magic:  3/3        EV:  9    Int:  8    God:    Yredelemnul [......]
Gold:   55         SH:  4    Dex: 10    Spells: 2/2 levels left

rFire   . . .      SeeInvis .   a - +0 war axe
rCold   . . .      Faith    .   c - +0 buckler
rNeg    . . .      Spirit   .   b - +0 scale mail
rPois   .          Reflect  .   (no helmet)
rElec   .          Harm     .   (no cloak)
rCorr   .          Rampage  .   h - +0 pair of gloves
Will    .....                   (no boots)
Stlth   ..........              (no amulet)
HPRegen 0.10/turn               (no ring)
MPRegen 0.08/turn               (no ring)

@: lethally poisoned (0 -> -3)
A: no striking features
a: Renounce Religion, Recall Undead Harvest


You were on level 2 of the Dungeon.
You worshipped Yredelemnul.
Yredelemnul was noncommittal.
You visited 1 branch of the dungeon, and saw 2 of its levels.

You collected 55 gold pieces.

Inventory:

Hand Weapons
 a - a +0 war axe (weapon)
Armour
 b - a +0 scale mail (worn)
 c - a +0 buckler (worn)
 h - a +0 pair of gloves (worn)
Scrolls
 e - 2 scrolls of identify {unknown}
 f - a scroll of blinking {unknown}
 g - a scroll of enchant weapon {unknown}
Potions
 d - a potion of might


   Skills:
 - Level 3.6 Fighting
 + Level 5.4 Axes
 - Level 3.2 Armour
 - Level 3.2 Shields


You had 2 spell levels left.
You didn't know any spells.
Your spell library was empty.

Dungeon Overview and Level Annotations

Branches:
Dungeon (2/15)

Altars:
Yredelemnul


Message History

You see here a +0 whip.
You barely miss the gnoll. You hit the endoplasm.
The endoplasm barely misses you.
The gnoll hits you with a +2 spear of venom.
You hit the endoplasm.
You kill the endoplasm!
You hit the gnoll.
The dead are walking!
The gnoll hits you from afar with a +0 spear.
You block the gnoll's attack. The gnoll closely misses you.
The gnoll hits you from afar with a +0 spear.
You hit the gnoll.
The gnoll is moderately wounded.
You block the gnoll's attack. x2
You closely miss the gnoll.
The gnoll is moderately wounded.
The gnoll hits you but does no damage.
The gnoll hits you with a +2 spear of venom.
You are poisoned.
Your endoplasm zombie closely misses the gnoll.
You closely miss the gnoll.
The gnoll is moderately wounded.
You feel very sick. You block the gnoll's attack. The gnoll closely misses you.
You barely miss the gnoll.
The gnoll is moderately wounded.
You feel sick.
Your endoplasm zombie barely misses the gnoll.
The gnoll hits you with a +2 spear of venom.
* * * LOW HITPOINT WARNING * * *
The gnoll hits you from afar with a +0 spear.
* * * LOW HITPOINT WARNING * * *
You are too injured to fight recklessly!
You are too injured to fight recklessly!
You closely miss the gnoll.
The gnoll is moderately wounded.
* * * LOW HITPOINT WARNING * * *
You feel sick.
The gnoll hits you from afar with a +0 spear.
You die...
Your body rises from the dead as a mindless zombie.

...... ....# ....#
...# ...######
#g...!...
#..Z.....#
#@g......##
#.........
#........ #.###...#
#.####..#
#...##..####...<
######..........#..
#....####..####...
#..........# ... .


You could see 2 gnolls and a friendly endoplasm zombie.

Vanquished Creatures
  A gnoll (D:2)
  2 dart slugs (D:1)
  A ball python (D:1)
  5 bats
  7 endoplasms
  A giant cockroach (D:1)
  7 goblins
  2 hobgoblins (D:1)
  2 quokkas
  3 frilled lizards (D:1)
  2 kobolds
  A rat (D:1)
34 creatures vanquished.

Vanquished Creatures (others)
  A bat (D:1)
  A goblin zombie (D:2)
  A kobold zombie (D:2)
3 creatures vanquished.

Grand Total: 37 creatures vanquished

Notes
Turn   | Place    | Note
-------+----------+-------------------------------------------
     0 | D:1      | ptdevnull the Hill Orc Fighter began the quest for the Orb.
     0 | D:1      | Reached XP level 1. HP: 19/19 MP: 1/1
    60 | D:1      | Reached skill level 3 in Axes
   126 | D:1      | Reached XP level 2. HP: 23/26 MP: 2/2
   135 | D:1      | Reached skill level 4 in Axes
   328 | D:1      | Noticed an eye of devastation
   330 | D:1      | Found a faded altar of an unknown god.
   331 | D:1      | Noticed a great orb of eyes
   331 | D:1      | Noticed a shining eye
   331 | D:1      | Noticed a golden eye
   387 | D:1      | Reached XP level 3. HP: 31/31 MP: 3/3
   413 | D:1      | Prayed at the altar of an unknown god.
   413 | D:1      | Became a worshipper of Yredelemnul the Dark
   413 | D:1      | Reached * piety under Yredelemnul
   846 | D:1      | Reached skill level 5 in Axes
   856 | D:1      | Reached ** piety under Yredelemnul
  1077 | D:2      | Slain by a gnoll

Illustrated notes

Levels and vault maps discovered:
D:1:      scummos_arrival_star, layout_basic,
          hellmonk_ecumenical_altar_watching_god
D:2:      layout_rooms

Skill      XL: |  1  2  3 |
---------------+----------+-----
Axes           | 3 4 5 |  5.4
Fighting       | |  3.6
Armour         | |  3.2
Shields        | |  3.2

Action                   || total
-------------------------++-------
Melee: War axe           ||    80
Armor: Scale mail        ||    41
Dodge: Dodged            ||    45
Block: Buckler           ||    21

Table legend: (Time is in decaauts)
 A = Elapsed time spent in this place.
 B = Non-inter-level travel time spent in this place.
 C = Inter-level travel time spent in this place.
 D = Time resting spent in this place.
 E = Time spent auto-exploring this place.
 F = Levels seen in this place.
 G = Mean time per level.
                   A        B        C        D        E       F      G
               +--------+--------+--------+--------+--------+-----+--------+
         Total |   1101 |    966 |    135 |    148 |    592 |   2 |  550.5 |
       Dungeon |   1101 |    966 |    135 |    148 |    592 |   2 |  550.5 |
               +--------+--------+--------+--------+--------+-----+--------+

Top non-repeatable levels by time:
     D:1: 990 daAuts
     D:2: 111 daAuts
